 Dungeon Crawl Stone Soup version 0.30-a0-760-g5a9884bb7c (webtiles) character file.

Game seed: 15306977947956715940

24 Khashishi the Stinger (level 3, -5/26 (28) HPs)
             Began as a Naga Venom Mage on Feb 12, 2023.
             Slain by Crazy Yiuf
             ... wielding a +3 quarterstaff of chaos
              (6 damage)
             ... on level 2 of the Dungeon.
             The game lasted 00:03:07 (961 turns).

Khashishi the Stinger (Naga Venom Mage)              Turns: 961, Time: 00:03:08

HP:   -5/26 (28)    AC:  2    Str: 10    XL:     3   Next: 2%
MP:   5/6           EV:  9    Int: 17    God:
Gold: 85            SH:  0    Dex: 11    Spells: 5/6 levels left

rFire   . . .      SeeInvis +    e - +0 dagger
rCold   . . .      Faith    .    (no shield)
rNeg    . . .      Spirit   .    a - +0 robe
rPois   +          Reflect  .    (no helmet)
rElec   .          Harm     .    (no cloak)
rCorr   .          Rampage  .    (no gloves)
Will    .....                    (no barding)
Stlth   ++                       (no amulet)
HPRegen 0.24/turn                (no ring)
MPRegen 0.10/turn                (no ring)

@: short of breath, slowed, drained, very slow
A: AC +1, large, see invisible, deformed body, poison resistance, slowness 2,
spit poison 1, naga tail 1
a: Spit Poison


You were on level 2 of the Dungeon.
You visited 1 branch of the dungeon, and saw 2 of its levels.

You collected 85 gold pieces.

Inventory:

Hand Weapons
 e - a +0 dagger (weapon)
Armour
 a - a +0 robe (worn)
Scrolls
 d - 3 scrolls of identify {unknown}
Potions
 b - a potion of magic
 c - a potion of curing {unknown}
 f - a potion of lignification {unknown}


   Skills:
 - Level 1.5 Dodging
 + Level 3.7 Stealth
 + Level 2.3 Spellcasting
 + Level 1.6 Transmutations
 + Level 4.4 Poison Magic


You had 5 spell levels left.
You knew the following spells:

 Your Spells              Type           Power      Damage    Failure   Level
a - Sting                 Tmut/Pois      48%        1d5       5%          1

Your spell library contained the following spells:

 Spells                   Type           Power      Damage    Failure   Level
 Poisonous Vapours        Pois/Air       18%        N/A       12%         2
 Mephitic Cloud           Conj/Pois/Air  6%         N/A       30%         3
 Olgreb's Toxic Radiance  Pois           17%        N/A       30%         4


Dungeon Overview and Level Annotations

Branches:
Dungeon (2/15)

Altars:

Annotations:
D:2 Crazy Yiuf


Innate Abilities, Weirdness & Mutations

Your serpentine skin is tough. (AC +1)
You have supernaturally acute eyesight. (SInv)
Armour fits poorly on your strangely shaped body.
Your system is resistant to poisons. (rPois)
You cover ground very slowly.
You can spit poison.
You have a snake-like lower body.


Message History

You see here a +0 robe.
There is an escape hatch in the ceiling here.
You see here a +0 ring mail.
There is an escape hatch in the ceiling here.
A mysterious force pulls you upwards. The hatch slams shut behind you.
There is a stone staircase leading down here.
You climb downwards.
There is a stone staircase leading up here.
There is a stone staircase leading up here.
Found a hammer.
Found a runed translucent door.
You open the door.
There is an open translucent door here.
The helpless Crazy Yiuf fails to defend himself.
You hit Crazy Yiuf.
Crazy Yiuf is moderately wounded.
Crazy Yiuf flaps his cloak.
Crazy Yiuf closely misses you.
Aiming: Spit Poison (2% risk of failure)
Press: ? - help, Shift-Dir - straight line, f - Crazy Yiuf
Aim: Crazy Yiuf, wielding a +3 quarterstaff of chaos and wearing a +0 cloak (moderately wounded, 65% to hit)
The splash of poison hits Crazy Yiuf!
Crazy Yiuf is poisoned.
Crazy Yiuf is severely wounded.
Crazy Yiuf hits you with a +3 quarterstaff of chaos!
Ouch! That really hurt!
You feel yourself slow down.
You are too injured to fight recklessly!
Casting: Sting (safe; 5% risk of failure)
Confirm with . or Enter, or press ? or * to list all spells.
Aiming: Sting (safe; 5% risk of failure)
Press: ? - help, Shift-Dir - straight line, f/p - Crazy Yiuf
Aim: Crazy Yiuf, wielding a +3 quarterstaff of chaos and wearing a +0 cloak (severely wounded, poisoned, 75% to hit)
The sting hits Crazy Yiuf.
Crazy Yiuf looks even sicker.
Crazy Yiuf is severely wounded.
Crazy Yiuf hits you with a +3 quarterstaff of chaos!
* * * LOW HITPOINT WARNING * * *
You feel drained.
* * * LOW HITPOINT WARNING * * *
Crazy Yiuf whimpers, "Cod stair Xom!"
Crazy Yiuf hits you with a +3 quarterstaff of chaos.
You die...

...!.#...##
####.##[## #. #<#
#. #[# #. #+# #####
♣♣#### #)..#♣♣
♣♣..#.##
#g@.'.♣♣♣♣......###
#...#♣..♣.........#
#####♣♣♣.♣...####..
♣♣♣♣♣## #.# #.# #.#
#.# #.# #.#


You could see Crazy Yiuf (very poisoned).

Vanquished Creatures
  A dart slug (D:1)
  4 endoplasms (D:1)
  A giant cockroach (D:1)
  A goblin (D:1)
  4 hobgoblins
  2 quokkas (D:1)
  2 ball pythons (D:1)
  2 bats (D:1)
  A frilled lizard (D:1)
  A rat (D:2)
19 creatures vanquished.

Notes
Turn   | Place    | Note
-------+----------+-------------------------------------------
     0 | D:1      | Khashishi the Naga Venom Mage began the quest for the Orb.
     0 | D:1      | Reached XP level 1. HP: 15/15 MP: 3/3
   114 | D:1      | Reached XP level 2. HP: 22/22 MP: 5/5
   902 | D:2      | Reached XP level 3. HP: 26/28 MP: 6/6
   951 | D:2      | Found a runed translucent door.
   952 | D:2      | Noticed Crazy Yiuf
   961 | D:2      | HP: 1/26 [Crazy Yiuf/+3 quarterstaff of chaos (3)]
   961 | D:2      | Slain by Crazy Yiuf

Illustrated notes

Levels and vault maps discovered:
D:1:      lightli_arrival_chessboard, layout_loops_cross, minmay_crystal_room,
          minmay_misc_feat_rugged
D:2:      kennysheep_the_goblin_king, layout_loops_corners,
          kennysheep_crisscross, uniq_robin, uniq_crazy_yiuf_cottage,
          uniq_jessica

Action                     || total
---------------------------++-------
  Melee: Unarmed           ||     3
         Dagger            ||     9
   Cast: Sting             ||    14
Ability: Spit Poison       ||    11
   Stab: Sleeping          ||     8
 Armour: Robe              ||     2
  Dodge: Dodged            ||     8

Table legend: (Time is in decaauts)
 A = Elapsed time spent in this place.
 B = Non-inter-level travel time spent in this place.
 C = Inter-level travel time spent in this place.
 D = Time resting spent in this place.
 E = Time spent auto-exploring this place.
 F = Levels seen in this place.
 G = Mean time per level.
                   A        B        C        D        E       F      G
               +--------+--------+--------+--------+--------+-----+--------+
         Total |   1319 |   1240 |     79 |      0 |   1018 |   2 |  659.5 |
       Dungeon |   1319 |   1240 |     79 |      0 |   1018 |   2 |  659.5 |
               +--------+--------+--------+--------+--------+-----+--------+

Top non-repeatable levels by time:
     D:1: 1044 daAuts
     D:2: 274 daAuts
